 Dungeon Crawl Stone Soup version 0.18.1-8-gdd0e5ea (webtiles) character file.

17906 multipassport the Fighter (level 12, -2/113 HPs)
             Began as a Hill Orc Gladiator on May 30, 2016.
             Was a High Priest of Makhleb.
             Slain by a guardian serpent (9 damage)
             ... on level 3 of the Lair of Beasts.
             The game lasted 01:04:40 (14818 turns).

multipassport the Fighter (Hill Orc Gladiator)     Turns: 14818, Time: 01:04:41

Health: -2/113     AC: 22    Str: 27    XL:     12   Next: 52%
Magic:  21/21      EV:  6    Int: 10    God:    Makhleb [*****.]
Gold:   816        SH:  0    Dex: 11    Spells: 0 memorised, 11 levels left

rFire  . . .     SeeInvis .     q - +2 war axe "Tuka" {venom, MP+9 Str+4 Int+2}
rCold  + . .     Gourm    .     p - +0 plate armour
rNeg   . . .     Faith    .     v - +0 large shield
rPois  .         Spirit   .     c - +1 helmet
rElec  .         Dismiss  .     V - +0 cloak
rCorr  +         Reflect  .     N - +0 pair of gloves
SustAt .         Harm     .     m - +0 pair of boots
MR     .....                    (no amulet)
Stlth  ..........               j - ring of protection from cold
                                z - ring of resist corrosion

@: confused, lethally poisoned (-2 -> -3), not resistant to hostile
enchantments, extremely unstealthy
A: no striking features
a: Minor Destruction, Lesser Servant of Makhleb, Major Destruction, Greater
Servant of Makhleb, Renounce Religion


You were on level 3 of the Lair of Beasts.
You worshipped Makhleb.
Makhleb was extremely pleased with you.
You were hungry.

You visited 3 branches of the dungeon, and saw 16 of its levels.

You collected 816 gold pieces.

Inventory:

Hand Weapons
 q - the +2 war axe "Tuka" (weapon) {venom, MP+9 Str+4 Int+2}
   (You found it on level 9 of the Dungeon)

   It poisons the flesh of those it strikes.
   It affects your strength (+4).
   It affects your intelligence (+2).
   It affects your magic capacity (+9).
 I - a +0 hand axe of flaming
 K - the +5 short sword of Division {pierce, Dex+4}
   (You took it off an orc on level 11 of the Dungeon)

   It inflicts extra damage upon your enemies.
   It affects your dexterity (+4).
Missiles
 d - 3 throwing nets (quivered)
Armour
 c - a +1 helmet (worn)
 m - a +0 pair of boots (worn)
 p - a +0 plate armour (worn)
 v - a +0 large shield (worn)
 N - a +0 pair of gloves (worn)
 V - a +0 cloak (worn)
Jewellery
 b - an uncursed amulet of faith
 g - a cursed ring of teleportation
 j - a ring of protection from cold (right hand)
 z - a ring of resist corrosion (left hand)
Wands
 h - a wand of iceblast (6/15)
 r - a wand of paralysis (12/24)
 y - a wand of flame (21/48)
 E - a wand of flame (23/48)
 M - a wand of teleportation (3/9)
 R - a wand of lightning (9/15)
 T - a wand of iceblast (6/15)
 U - a wand of digging (11/24)
 X - a wand of iceblast (9/15)
Scrolls
 k - 5 scrolls of identify
 l - 6 scrolls of recharging
 t - 2 scrolls of noise
 C - 2 scrolls of enchant armour
 F - 3 scrolls of enchant weapon
 O - 2 scrolls of teleportation {unknown}
 P - 2 scrolls of remove curse
 Y - a scroll of immolation
Potions
 a - 2 potions of might
 e - a potion of invisibility {unknown}
 n - a potion of resistance
 s - a potion of haste
 w - a potion of berserk rage
 A - 4 potions of brilliance
 D - 2 potions of magic
 H - 2 potions of lignification
 L - 2 potions of ambrosia
 Q - a potion of cure mutation
Books
 x - a book of Conjurations

   Spells                             Type                      Level
   a - Magic Dart                     Conjuration                  1
   b - Searing Ray                    Conjuration                  2
   c - Dazzling Spray                 Conjuration/Hexes            3
   d - Fulminant Prism                Conjuration/Hexes            4
   e - Iskenderun's Mystic Blast      Conjuration                  4
   f - Iskenderun's Battlesphere      Conjuration/Charms           5
 B - a Young Poisoner's Handbook

   Spells                             Type                      Level
   a - Sting                          Conjuration/Poison           1
   b - Cure Poison                    Poison                       2
   c - Mephitic Cloud                 Conjuration/Poison/Air       3
   d - Olgreb's Toxic Radiance        Poison                       4
   e - Venom Bolt                     Conjuration/Poison           5
 J - a book of Burglary

   Spells                             Type                      Level
   a - Swiftness                      Charms/Air                   2
   b - Passwall                       Transmutation/Earth          2
   c - Passage of Golubria            Translocation                4
   d - Lee's Rapid Deconstruction     Earth                        5
   e - Darkness                       Hexes                        6
   f - Invisibility                   Hexes                        6
Comestibles
 f - 10 bread rations
 i - 6 meat rations
 o - 3 fruits
 G - 7 slices of pizza
 S - a beef jerky
 W - 3 chunks of flesh


   Skills:
 + Level 12.5 Fighting
 + Level 9.5(11.3) Axes
   Level 8.4(9.9) Maces & Flails
 - Level 1.7 Throwing
 + Level 11.0 Armour
 - Level 2.4 Dodging
 + Level 10.5 Shields
 + Level 1.0 Invocations


You had 11 spell levels left.
You didn't know any spells.

Dungeon Overview and Level Annotations

Branches:
Dungeon (12/15)            Temple (1/1) D:6            Lair (3/8) D:11
    Orc (0/2) D:11
  Swamp: Lair:3-6    Shoals: Lair:3-6     Snake: Lair:3-6    Spider: Lair:3-6

Altars:
Ashenzari
Cheibriados
Dithmenos
Elyvilon
Fedhas
Gozag
Kikubaaqudgha
Makhleb
Nemelex Xobeh
Okawaru
Pakellas
Qazlal
Ru
Sif Muna
Trog
Vehumet
Xom
Yredelemnul
Zin
The Shining One

Shops:
D:6 *


Message History

You feel sick.
The cacodemon hits you but does no damage. x2
The guardian serpent casts a spell.
The iguana blinks!
The river rat blinks!
The river rat bites you but does no damage.
You closely miss the guardian serpent.
The guardian serpent is heavily wounded.
You hit the river rat.
The river rat is poisoned.
The river rat is heavily wounded.
You barely miss the iguana. You completely miss the cacodemon.
The cacodemon is lightly wounded.
The guardian serpent hits you but does no damage.
The cacodemon hits you.
* * * LOW HITPOINT WARNING * * *
The cacodemon hits you.
* * * LOW HITPOINT WARNING * * *
The iguana bites you but does no damage.
The river rat bites you but does no damage.
The guardian serpent hits you!
You die...

..##..... #.......#.
# ....)...###
........#.
#......###F.......
#........r.##..# #
#####
#§†##......##..##P#.#
##...#
##§.#.##.............
#....#
#.Fr#..............#
#...<#
#.#2S#...##..†......
##P.##
##.#@#.####.........
#...#### ###lr.##
#$#...PP.. ##....#P#
#P....# ##..).PP..
#.......# ##...##
#.....##
####....####P...#
.....#
#.#.....##.....#
...#..
###..P#......#..##
#....##P#...#...P#
#....####..#....####


You could see a cacodemon, a guardian serpent, a blink frog, an iguana and 2
river rats.

Vanquished Creatures
  A hydra (D:10)
  The ghost of tyrsky the Cruncher, a novice MiGl of Okawaru (Lair:1)
  Urug (Lair:1)
  A hill giant (D:11)
  Pikel (D:7)
  An obsidian statue (D:9)
  2 ugly things (D:11)
  6 spiny frogs
  A rime drake (Lair:2)
  3 komodo dragons
  A troll (D:11)
  3 blink frogs (Lair:3)
  11 yaks
  A basilisk (Lair:3)
  4 hippogriffs
  A hungry ghost (D:11)
  2 water moccasins
  3 porcupines
  An ice beast (D:7)
  6 orc warriors
  5 sky beasts
  An eye of draining (D:11)
  A phantom (D:9)
  The ghost of Shtopit the Shield-Bearer, an amateur FoFi (D:3)
  9 wolves (Lair:2)
  9 centaurs
  3 ogres
  7 crocodiles
  3 big kobolds (D:10)
  7 giant frogs
  A scorpion (D:6)
  6 killer bees (D:9)
  14 wights
  2 howler monkeys
  3 crimson imps
  4 quasits
  5 hounds
  A jelly (D:9)
  7 orc priests
  2 giant frog skeletons (D:6)
  3 iguanas
  11 orc wizards
  9 worker ants
  2 sheep (D:10)
  A hound zombie (D:8)
  4 hound skeletons
  2 worker ant zombies
  22 river rats
  9 adders
  3 oozes
  3 worms
  A dart slug (D:2)
  4 giant geckos
  47 orcs
  4 giant cockroaches
  6 goblins
  8 hobgoblins
  6 jackals
  5 kobolds
  3 quokkas
  6 bats
  A giant gecko zombie (D:9)
  4 giant newts
  4 rats
  3 fungi
313 creatures vanquished.

Vanquished Creatures (collateral kills)
  The ghost of simples the Nimble, a novice FeTm of Kikubaaqudgha (Lair:2)
  A wyvern (D:11)
  An ice beast (D:11)
  An ogre (D:7)
  A centaur (D:11)
  A hound zombie (D:11)
6 creatures vanquished.

Vanquished Creatures (others)
  A hound (D:7)
  A fungus (Lair:2)
2 creatures vanquished.

Grand Total: 321 creatures vanquished

Notes
Turn   | Place    | Note
--------------------------------------------------------------
     0 | D:1      | multipassport the Hill Orc Gladiator began the quest for the Orb.
     0 | D:1      | Reached XP level 1. HP: 18/18 MP: 1/1
     9 | D:1      | Noticed a giant frog
   234 | D:1      | Reached XP level 2. HP: 21/25 MP: 2/2
   348 | D:1      | Reached skill level 3 in Fighting
   587 | D:2      | Reached skill level 1 in Armour
   587 | D:2      | Reached XP level 3. HP: 18/31 MP: 3/3
  1633 | D:3      | Gained mutation: You have a pair of small horns on your head. [potion of mutation]
  1633 | D:3      | Gained mutation: You are clumsy. (Dex -2) [potion of mutation]
  1633 | D:3      | Lost mutation: You are clumsy. (Dex -2) [potion of mutation]
  1637 | D:3      | Lost mutation: You have a pair of small horns on your head. [potion of cure mutation]
  1706 | D:3      | Noticed Shtopit's ghost (amateur FoFi)
  1761 | D:2      | Reached XP level 4. HP: 15/40 MP: 4/4
  2158 | D:3      | Killed Shtopit's ghost
  2158 | D:3      | Reached skill level 4 in Fighting
  2158 | D:3      | Reached XP level 5. HP: 17/47 MP: 5/5
  2474 | D:4      | Found a burning altar of Makhleb.
  2500 | D:4      | Became a worshipper of Makhleb the Destroyer
  2555 | D:4      | Reached XP level 6. HP: 18/55 MP: 6/6
  2855 | D:4      | Reached skill level 5 in Fighting
  2855 | D:4      | Reached skill level 5 in Maces & Flails
  2990 | D:4      | Found an opulent altar of Gozag.
  3115 | D:4      | Reached skill level 1 in Shields
  3173 | D:5      | Entered Level 5 of the Dungeon
  3240 | D:5      | Reached * piety under Makhleb
  3314 | D:5      | Reached XP level 7. HP: 59/61 MP: 7/7
  3355 | D:5      | Found a deep blue altar of Sif Muna.
  3357 | D:5      | Found a glowing silver altar of Zin.
  3359 | D:5      | Found an oddly glowing altar of Pakellas.
  3361 | D:5      | Found a bloodstained altar of Trog.
  3361 | D:5      | Found a stormy altar of Qazlal.
  3948 | D:5      | Found a shimmering altar of Xom.
  4097 | D:5      | Reached skill level 6 in Fighting
  4350 | D:5      | Reached skill level 5 in Armour
  4350 | D:5      | Reached XP level 8. HP: 58/71 MP: 8/8
  4444 | D:6      | Found a deep blue altar of Sif Muna.
  4494 | D:6      | Reached ** piety under Makhleb
  4586 | D:6      | Reached skill level 7 in Fighting
  4711 | D:6      | Found a staircase to the Ecumenical Temple.
  4754 | Temple   | Entered the Ecumenical Temple
  4990 | D:6      | Found Ezugump's Eclectic Emporium.
  5836 | D:7      | Reached XP level 9. HP: 31/80 MP: 9/9
  6084 | D:7      | Reached skill level 5 in Shields
  6148 | D:7      | Reached *** piety under Makhleb
  6191 | D:7      | Reached skill level 8 in Fighting
  6447 | D:7      | Found an iron altar of Okawaru.
  6450 | D:7      | Found an ancient bone altar of Kikubaaqudgha.
  6453 | D:7      | Found a sparkling altar of Nemelex Xobeh.
  6466 | D:7      | Noticed Pikel
  6518 | D:7      | Killed Pikel
  7477 | D:8      | Reached skill level 9 in Fighting
  7569 | D:8      | Found a shattered altar of Ashenzari.
  7718 | D:8      | Reached **** piety under Makhleb
  7718 | D:8      | Reached XP level 10. HP: 60/91 MP: 10/10
  8198 | D:9      | Found a white marble altar of Elyvilon.
  8215 | D:9      | Got a jewelled war axe
  8216 | D:9      | Identified the cursed +2 war axe "Tuka" {venom, MP+9 Str+4 Int+2} (You found it on level 9 of the Dungeon)
  8259 | D:9      | Reached skill level 1 in Axes
  8299 | D:9      | Noticed an obsidian statue
  8537 | D:9      | Noticed a smoke demon
  8544 | D:9      | Noticed a smoke demon
  8546 | D:9      | Killed an obsidian statue
  8959 | D:9      | Found a sacrificial altar of Ru.
  9068 | D:10     | Entered Level 10 of the Dungeon
  9635 | D:10     | Noticed a three-headed hydra
  9661 | D:10     | Killed a one-headed hydra
  9661 | D:10     | Reached skill level 10 in Fighting
  9740 | D:11     | Found a staircase to the Orcish Mines.
 10013 | D:10     | Reached skill level 5 in Axes
 10432 | D:11     | Noticed a brown ugly thing
 10444 | D:11     | Killed a brown ugly thing
 10444 | D:11     | Reached XP level 11. HP: 101/101 MP: 11/11
 10450 | D:11     | Got a twisted short sword {pierce}
 10451 | D:11     | Identified the +5 short sword of Division {pierce, Dex+4} (You took it off an orc on level 11 of the Dungeon)
 10591 | D:11     | Noticed a seven-headed hydra
 10976 | D:11     | Noticed a hill giant
 10986 | D:11     | Killed a hill giant
 11220 | D:11     | Reached ***** piety under Makhleb
 11221 | D:11     | Reached skill level 11 in Fighting
 11230 | D:11     | Noticed a cyan ugly thing
 11248 | D:11     | Killed a cyan ugly thing
 11327 | D:11     | Found a staircase to the Lair.
 11738 | Lair:1   | Entered Level 1 of the Lair of Beasts
 11738 | Lair:1   | Noticed tyrsky's ghost (novice MiGl)
 12139 | Lair:1   | Killed tyrsky's ghost
 12447 | Lair:1   | Reached skill level 10 in Armour
 12585 | Lair:1   | Noticed Urug
 12601 | Lair:1   | Killed Urug
 12847 | Lair:1   | Reached XP level 12. HP: 23/112 MP: 12/12
 13693 | Lair:2   | Reached skill level 10 in Shields
 13718 | Lair:2   | Noticed simples's ghost (novice FeTm)
 13870 | Lair:2   | Killed simples's ghost
 13870 | Lair:2   | Reached skill level 12 in Fighting
 14808 | Lair:3   | Noticed a cacodemon
 14810 | Lair:3   | HP: 1/113 [guardian serpent (13)]
 14814 | Lair:3   | Reached skill level 1 in Invocations
 14818 | Lair:3   | Slain by a guardian serpent

Skill      XL: |  1  2  3  4  5  6  7  8  9 10 11 12 |
---------------+-------------------------------------+-----
Fighting       | 3 4 5 6 7 9 10 11 12 | 12.5
Armour         | 1 2 3 4 5 6 7 9 10 11 | 11.0
Maces & Flails | 4 5 6 7 8 |  8.4
Shields        | 1 3 4 6 8 9 10 | 10.5
Axes           | 5 8 9 |  9.5
Invocations    | 1 |  1.0
Throwing       | |  1.7
Dodging        | |  2.4

Action                   |  1- 3 |  4- 6 |  7- 9 | 10-12 || total
-------------------------+-------+-------+-------+-------++-------
Melee: Flail             |   167 |     6 |       |       ||   173
       Mace              |       |   199 |   713 |    68 ||   980
       War axe           |       |       |       |   633 ||   633
       Hand axe          |       |       |       |    10 ||    10
Invok: Lesser Servant of |       |       |     1 |     5 ||     6
       Minor Destruction |       |       |     1 |       ||     1
       Greater Servant o |       |       |       |     1 ||     1
Evoke: Wand              |       |     1 |       |       ||     1
  Use: Potion            |     4 |       |     2 |     3 ||     9
       Scroll            |     2 |       |       |    22 ||    24
 Stab: Distracted        |       |       |       |     2 ||     2
  Eat: Chunk             |     3 |     5 |    10 |    12 ||    30
       Royal jelly       |       |       |     1 |       ||     1
       Bread ration      |       |       |     1 |       ||     1
       Meat ration       |       |       |       |     1 ||     1
       Fruit             |       |       |       |     9 ||     9
Armor: Scale mail        |    37 |       |       |       ||    37
       Leather armour    |     3 |       |       |       ||     3
       Plate armour      |    53 |   210 |   356 |   475 ||  1094
       Skin              |       |       |       |     3 ||     3
Dodge: Dodged            |   100 |    34 |    51 |   114 ||   299
Block: Large shield      |       |    84 |   472 |   735 ||  1291
